 Dungeon Crawl Stone Soup version 0.18.1-8-gdd0e5ea (webtiles) character file.

58 jacquesderrida the Poker (level 4, 0/23 HPs)
             Began as a Vine Stalker Skald on May 21, 2016.
             Slain by a slave (5 damage)
             ... led by Pikel
             ... on level 4 of the Dungeon.
             The game lasted 00:02:55 (1011 turns).

jacquesderrida the Poker (Vine Stalker Skald)       Turns: 1011, Time: 00:02:56

Health: 0/23       AC:  3    Str: 14    XL:     4   Next: 2%
Magic:  0/8        EV: 11    Int: 13    God:
Gold:   116        SH:  0    Dex: 14    Spells: 2 memorised, 3 levels left

rFire  . . .     SeeInvis .     a - +0 spear
rCold  + . .     Gourm    .     b - +0 leather armour
rNeg   . . .     Faith    .     (no shield)
rPois  .         Spirit   +     (no helmet)
rElec  .         Dismiss  .     (no cloak)
rCorr  .         Reflect  .     (no gloves)
SustAt .         Harm     .     (no boots)
MR     .....                    (no amulet)
Stlth  +.........               (no ring)
                                l - ring of protection from cold

@: not resistant to hostile enchantments, very unstealthy
A: fangs 2, regeneration 1, magic shield, antimagic bite, no device heal 3, rot
immunity
a: no special abilities


You were on level 4 of the Dungeon.
You were hungry.

You visited 1 branch of the dungeon, and saw 4 of its levels.

You collected 116 gold pieces.

Inventory:

Hand Weapons
 a - a +0 spear (weapon)
Armour
 b - a +0 leather armour (worn)
Jewellery
 l - a ring of protection from cold (left hand)
Wands
 j - a wand of iceblast (10/15)
Scrolls
 e - 2 scrolls of enchant weapon {unknown}
 f - 2 scrolls of identify {unknown}
 i - a scroll of magic mapping {unknown}
Potions
 g - 2 potions of resistance {unknown}
Books
 c - a book of Battle

   Spells                             Type                      Level
   a - Infusion                       Charms                       1
   b - Shroud of Golubria             Charms/Translocation         2
   c - Song of Slaying                Charms                       2
   d - Spectral Weapon                Hexes/Charms                 3
   e - Regeneration                   Charms/Necromancy            3
Comestibles
 d - 2 bread rations
 h - a meat ration


   Skills:
 - Level 1.7 Fighting
 * Level 3.6 Polearms
 - Level 0.7 Armour
 - Level 0.7 Dodging
 - Level 2.1 Spellcasting
 + Level 0.4 Hexes
 - Level 3.0 Charms


You had 3 spell levels left.
You knew the following spells:

 Your Spells              Type           Power        Failure   Level  Hunger
a - Infusion              Chrm           #...         12%         1    ##.....
b - Spectral Weapon       Hex/Chrm       #.......     54%         3    ####...


Dungeon Overview and Level Annotations

Branches:
Dungeon (4/15)
 Temple: D:4-7

Altars:
Pakellas


Innate Abilities, Weirdness & Mutations

You have extremely sharp teeth.
Your natural rate of healing is unusually fast.
When hurt, damage is shared between your health and your magic reserves.
Your bite disrupts and absorbs the magic of your enemies.
Potions and wands cannot restore your health.
You are immune to rotting.


Message History

You are too injured to fight recklessly!
You are too injured to fight recklessly!
You are too injured to fight recklessly!
You are too injured to fight recklessly!
You are too injured to fight recklessly!
You are too injured to fight recklessly!
You are too injured to fight recklessly!
You are too injured to fight recklessly!
You are too injured to fight recklessly!
You are too injured to fight recklessly!
You are too injured to fight recklessly!
You are too injured to fight recklessly!
You are too injured to fight recklessly!
You are too injured to fight recklessly!
You are too injured to fight recklessly!
You hit the slave but do no damage.
The slave is severely wounded.
Your spectral weapon hits the slave but does no damage.
The slave hits you!
You die...

#≈≈≈ #≈.. #≈.#
###### #≈.# #<...#
#≈.# #....# #≈.#
#....# #≈.#
#....######(@# #
#.........#≈p#)#####
#....####.#≈.#!.....
#....# #.#≈.≈≈≈≈≈≈≈
#....# ####'#######
###..#####..........
#................>
#...#####.#.......
##....p.#.#.......


You could see a slave and a friendly spectral spear.

Vanquished Creatures
  A slave (D:4)
  An adder (D:2)
  A worm (D:3)
  A dart slug (D:1)
  A giant gecko (D:3)
  3 orcs (D:3)
  3 bats
  2 giant cockroaches
  4 goblins
  4 hobgoblins
  7 jackals
  2 ball pythons
  3 kobolds
  6 rats
39 creatures vanquished.

Notes
Turn   | Place    | Note
--------------------------------------------------------------
     0 | D:1      | jacquesderrida the Vine Stalker Skald began the quest for the Orb.
     0 | D:1      | Reached XP level 1. HP: 11/11 MP: 4/4
   183 | D:1      | Reached XP level 2. HP: 15/15 MP: 4/6
   369 | D:2      | Reached XP level 3. HP: 6/18 MP: 3/7
   723 | D:3      | Learned a level 3 spell: Spectral Weapon
   841 | D:3      | Found an oddly glowing altar of Pakellas.
   945 | D:3      | Reached XP level 4. HP: 23/23 MP: 8/8
   977 | D:4      | Noticed a slave
   977 | D:4      | Noticed a slave
  1004 | D:4      | Killed a slave
  1011 | D:4      | Slain by a slave

Skill      XL: |  1  2 |
---------------+-------+-----
Polearms       | 2 3 |  3.6
Fighting       | |  1.7
Armour         | |  0.7
Dodging        | |  0.7
Spellcasting   | |  2.1
Hexes          | |  0.4
Charms         | |  3.0

Action                   |  1- 3 |  4- 6 || total
-------------------------+-------+-------++-------
Melee: Spear             |   155 |    19 ||   174
       Bite              |    31 |     5 ||    36
 Cast: Infusion          |     3 |       ||     3
       Spectral Weapon   |       |     1 ||     1
 Stab: Sleeping          |     2 |       ||     2
Armor: Leather armour    |    26 |     5 ||    31
Dodge: Dodged            |    66 |     5 ||    71
